 Dungeon Crawl Stone Soup version 0.27.1-34-g3ba077fa99 (webtiles) character file.

Game seed: 12201014379562661218

35 styxcanada the Sneak (level 3, -6/18 HPs)
             Began as a Spriggan Brigand on Jan 11, 2022.
             Killed from afar by Natasha (8 damage)
             ... with a magic dart
             ... on level 2 of the Dungeon.
             The game lasted 00:03:50 (1190 turns).

styxcanada the Sneak (Spriggan Brigand)             Turns: 1190, Time: 00:03:51

Health: -6/18      AC:  3    Str:  7    XL:     3   Next: 16%
Magic:  4/4        EV: 17    Int: 12    God:
Gold:   55         SH:  0    Dex: 17    Spells: 2/2 levels left

rFire    . . .     SeeInvis +   a - +2 dagger
rCold    . . .     Faith    .   (shield restricted)
rNeg     . . .     Spirit   .   b - +0 robe
rPois    .         Reflect  .   (helmet restricted)
rElec    .         Harm     .   c - +0 cloak
rCorr    .         Rampage  .   (gloves unavailable)
Will     .....                  (boots unavailable)
Stlth    ++++......             (no amulet)
HPRegen  0.06/turn              (no ring)
MPRegen  0.09/turn              (no ring)

@: very quick
A: very small, no large weapons, unfitting armour, see invisible, speed 3
a: no special abilities


You were on level 2 of the Dungeon.
You visited 1 branch of the dungeon, and saw 2 of its levels.

You collected 55 gold pieces.

Inventory:

Hand Weapons
 a - a +2 dagger (weapon)
 h - a +0 hunting sling
Missiles
 d - 20 poisoned darts (quivered)
 e - 2 curare-tipped darts
 k - 10 stones
Armour
 b - a +0 robe (worn)
 c - a +0 cloak (worn)
Scrolls
 f - a scroll of fog {unknown}
 g - a scroll of identify {unknown}
Potions
 i - a potion of curing {unknown}
 j - a potion of attraction {unknown}


   Skills:
 * Level 1.8 Fighting
 + Level 2.2 Short Blades
 + Level 2.1 Throwing
 * Level 1.8 Dodging
 * Level 7.1 Stealth


You had 2 spell levels left.
You didn't know any spells.
Your spell library was empty.

Dungeon Overview and Level Annotations

Branches:
Dungeon (2/15)

Altars:

Shops:
D:2 :

Annotations:
D:2 Natasha


Innate Abilities, Weirdness & Mutations

You are very small and have problems with some larger weapons.
You are too small for most types of armour.
You have supernaturally acute eyesight. (SInv)
You cover ground extremely quickly. (Speed+++)


Message History

The ball python bites you but does no damage.
The ball python grabs you. The ball python constricts you.
You barely miss the ball python.
The ball python bites you but does no damage.
The ball python constricts you.
You hit the ball python.
You kill the ball python!
You start resting.
HP restored.
Found 10 stones.
You see here 10 stones.
k - 10 stones Done exploring.
(D) Dungeon
Where to? (? - help)
What level of the Dungeon? (default 1, ? - help)
There is a stone staircase leading down here.
You climb downwards.
There is a stone staircase leading up here.
Things that are here:
a +0 club; a goblin skeleton Natasha, Servant of Life and Death comes into view.
Natasha hisses angrily.
Natasha claws you!
You hit Natasha.
Natasha is moderately wounded.
Natasha closely misses you.
You hit Natasha.
Natasha is heavily wounded.
Natasha misses you.
You hit Natasha.
Natasha is heavily wounded.
Natasha claws you!
* * * LOW HITPOINT WARNING * * *
You hit Natasha.
Natasha is severely wounded.
Natasha casts a spell.
Natasha casts a spell at you. The magic dart hits you!
You die...

###############
#..............
##.#####h#.#
#######..@.....#.#
#..........#####.#
#†#####..#.#####.##
#.#.###..#........#
#..#.##)...#####..#
##.###.#..#..####..#####.
#.## ##..###.............
#..###.#..#........#####
#.#.#.###...######.#


You could see Natasha.

Vanquished Creatures
  2 adders (D:2)
  An endoplasm (D:1)
  5 hobgoblins
  2 ball pythons (D:1)
  A bat (D:1)
  2 frilled lizards (D:1)
  2 goblins
  A kobold (D:1)
  3 rats
19 creatures vanquished.

Notes
Turn   | Place    | Note
-------+----------+-------------------------------------------
     0 | D:1      | styxcanada the Spriggan Brigand began the quest for the
                  | Orb.
     0 | D:1      | Reached XP level 1. HP: 10/10 MP: 2/2
    63 | D:1      | You fall into a shaft and drop 1 floor!
    89 | D:2      | Reached skill level 6 in Stealth
    89 | D:2      | Reached XP level 2. HP: 15/15 MP: 3/3
    96 | D:2      | Found Ronkuwui's Book Shop.
   658 | D:1      | Reached XP level 3. HP: 18/18 MP: 4/4
   725 | D:1      | Reached skill level 7 in Stealth
  1180 | D:2      | Noticed Natasha
  1190 | D:2      | Killed from afar by Natasha

Illustrated notes

Levels and vault maps discovered:
D:1:      dpeg_arrival_court, layout_basic
D:2:      minmay_kobold_bridge, layout_loops_ring, serial_shops, shop,
          uniq_natasha

Skill      XL: |  1  2  3 |
---------------+----------+-----
Stealth        | 6 7 |  7.1
Fighting       | |  1.8
Short Blades   | |  2.2
Throwing       | |  2.1
Dodging        | |  1.8

Action                   || total
-------------------------++-------
Melee: Dagger            ||    47
Throw: Dart              ||    15
 Stab: Sleeping          ||    10
Armor: Robe              ||     5
Dodge: Dodged            ||    20
